 Dungeon Crawl Stone Soup version 0.31-a0-196-g86fe4a5e66 (webtiles) character file.

Game seed: 11222902357482610840

4 qw the Shooter (level 1, -1/12 HPs)
             Began as a Deep Elf Hunter on June 24, 2023.
             Frozen to death by an endoplasm (2 damage)
             ... on level 1 of the Dungeon.
             The game lasted 00:00:02 (141 turns).

qw the Shooter (Deep Elf Hunter)                     Turns: 141, Time: 00:00:03

Health: -1/12      AC:  3    Str:  8    XL:     1   Next: 58%
Magic:  3/3        EV: 12    Int: 13    God:
Gold:   18         SH:  0    Dex: 18    Spells: 0/0 levels left

rFire   . . .        a - +0 shortbow
rCold   . . .        (shield currently unavailable)
rNeg    . . .        c - +0 leather armour
rPois   .            (no helmet)
rElec   .            (no cloak)
rCorr   .            (no gloves)
SInv    .            (no boots)
Will    .....        (no amulet)
Stlth   ++           (no ring)
HPRegen 0.22/turn    (no ring)
MPRegen 0.08/turn

%: no passive effects
@: no status effects
A: no striking features
a: no special abilities


You were on level 1 of the Dungeon.
You visited 1 branch of the dungeon, and saw 1 of its levels.

You collected 18 gold pieces.


   Skills:
 - Level 1.5 Fighting
 + Level 5.7 Ranged Weapons
 - Level 2.4 Dodging
 - Level 1.2 Stealth


You couldn't memorise any spells.
You didn't know any spells.
Your spell library was empty.

Inventory:

Hand Weapons
 a - a +0 shortbow (weapon)
Armour
 c - a +0 leather armour (worn)
 d - a +0 pair of boots
 e - a +0 helmet
Scrolls
 b - a scroll of butterflies

Dungeon Overview and Level Annotations

Branches:
Dungeon (1/15)

Altars:


Message History

The jackal is moderately wounded.
You shoot an arrow. The arrow barely misses the jackal.
The arrow closely misses the goblin.
The arrow barely misses the endoplasm.
The jackal misses you. The jackal barely misses you.
You shoot an arrow.
The arrow hits the jackal but does no damage.
The jackal is moderately wounded.
The jackal bites you. The jackal barely misses you.
You shoot an arrow. The arrow hits the jackal.
The jackal is severely wounded.
The jackal closely misses you.
The jackal bites you but does no damage.
You shoot an arrow. The arrow barely misses the jackal.
The arrow hits the endoplasm but does no damage.
The jackal bites you. The jackal barely misses you.
You shoot an arrow. The arrow barely misses the jackal.
The jackal bites you. x2
The jackal bites you but does no damage.
The jackal closely misses you.
You shoot an arrow. The arrow hits the jackal.
You kill the jackal!
The jackal bites you but does no damage.
An endoplasm comes into view.
You shoot an arrow. The arrow hits the jackal.
The jackal is severely wounded.
The jackal bites you but does no damage.
The endoplasm barely misses you.
The jackal bites you but does no damage.
You shoot an arrow.
The arrow hits the jackal but does no damage.
The jackal is severely wounded.
The jackal barely misses you. The endoplasm freezes you.
You are frozen.
The jackal closely misses you.
You shoot an arrow. The arrow hits the jackal!
You kill the jackal!
The endoplasm closely misses you. The endoplasm freezes you.
You are frozen.
You die...

#....# .. #....# #..
#....# ... #....# #.#
#^...# ..> # #....#
#.#.#+# ##
#....##JJ....# #.
#....'@#.#.#.# #.
#....##%.....# #.
###'####.#.#.# ##
#.###......###...
#.#..#.#.#.....#
#.###.....###########
#....#.#.#..........)
########...##########
#####


You could see 2 endoplasms.

Vanquished Creatures
  4 jackals (D:1)
  A kobold (D:1)
5 creatures vanquished.

Notes
Turn   | Place    | Note
-------+----------+-------------------------------------------
     0 | D:1      | qw the Deep Elf Hunter began the quest for the Orb.
     0 | D:1      | Reached XP level 1. HP: 12/12 MP: 3/3
     0 | D:1      | 0 ||| qw: Version: 0.3-a-9-g12657ce
     0 | D:1      | 0 ||| qw: Game counter: 4834
     0 | D:1      | 0 ||| qw: Always use a shield: true
     0 | D:1      | 0 ||| qw: God list: Okawaru
     0 | D:1      | 0 ||| qw: Allow faded altars: false
     0 | D:1      | 0 ||| qw: Do Orc after D:15 true
     0 | D:1      | 0 ||| qw: Do second Lair branch before Depths: true
     0 | D:1      | 0 ||| qw: Lair rune preference: random
     0 | D:1      | 0 ||| qw: Plans: Normal
     0 | D:1      | 0 ||| PLANNING D:1-11
   137 | D:1      | HP: 1/12 [jackal (3)]
   141 | D:1      | Frozen to death by an endoplasm

Levels and vault maps discovered:
D:1:      giann_wishing_wells, layout_basic, st_stairs_13

Action                     || total
---------------------------++-------
   Fire: Shortbow          ||    17
 Armour: Leather armour    ||     5
  Dodge: Dodged            ||    12

Table legend:
 A = Non-vault XP
 B = Vault XP
 C = Vault XP percentage of total XP
 D = Non-vault monster count
 E = Vault monster count
 F = Vault count percentage of total count
                 A         B        C        D         E       F
            +---------+---------+-------+---------+---------+-------
      Total |       9 |       0 |   0.0 |       5 |       0 |   0.0
            +---------+---------+-------+---------+---------+-------
        D:1 |       9 |       0 |   0.0 |       5 |       0 |   0.0
            +---------+---------+-------+---------+---------+-------
